General information
- name: BNet
- type: Ladder team game (AT/RT)
- host: Battle.net
- saver: THELAGHOTEL
map: LostTemple
- players: 4
- length: 14:53
- speed: Fast
- version: 1.21 W3XP
- replay type: Public
» download(76 KB)
Players
team 1 (winner)

»
THELAGHOTEL (
blue | 76 APM | 1138 actions | 14:53)
4 Blademaster
2 Wind Walk
2 Critical Strike
3 Shadow Hunter
1 Hex
2 Healing Wave
» actions
| Assign group hotkey | 120 | |
| Basic commands | 61 | |
| Build / train | 52 | |
| Enter build submenu | 11 | |
| Enter hero's abilities submenu | 7 | |
| Give item / drop item | 1 | |
| Remove unit from queue | 2 | |
| Right click | 531 | |
| Select / deselect | 219 | |
| Select group hotkey | 63 | |
| Use ability | 71 | |
1138 total
» units
| Peon | 7 | |
| Grunt | 9 | |
| Raider | 9 | |
| Demolisher | 1 | |
26 total
» upgrades
| Berserker Strength | 1 | |
| Ensnare | 1 | |
| Pillage | 1 | |
3 total
» buildings
| Altar of Storms | 1 | |
| Orc Burrow | 6 | |
| Voodoo Lounge | 1 | |
| Barracks | 1 | |
| Stronghold | 1 | |
| Beastiary | 1 | |
| Fortress | 1 | |
| War Mill | 1 | |
13 total
» build order
00:08 Altar of Storms
00:27 Orc Burrow
00:42 Voodoo Lounge
01:49 Barracks
01:57 Orc Burrow
03:34 Stronghold
04:25 Orc Burrow
06:12 Beastiary
07:05 Fortress
07:23 Orc Burrow
08:25 Orc Burrow
12:08 War Mill
12:57 Orc Burrow
» items
| Healing Salve | 3 | |
| Lesser Clarity Potion | 2 | |
| Scroll of Speed | 1 | |
| Scroll of Town Portal | 1 | |
| Orb of Lightning | 1 | |
8 total
scream.aim.FlRE (
teal | 120 APM | 1790 actions | 14:51)
4 Blademaster
2 Wind Walk
2 Critical Strike
3 Shadow Hunter
1 Hex
2 Healing Wave
» actions
| Assign group hotkey | 30 | |
| Basic commands | 127 | |
| Build / train | 53 | |
| Enter build submenu | 14 | |
| Enter hero's abilities submenu | 7 | |
| Give item / drop item | 2 | |
| Right click | 916 | |
| Select / deselect | 205 | |
| Select group hotkey | 375 | |
| Use ability | 59 | |
1790 total
» units
| Peon | 7 | |
| Grunt | 11 | |
| Raider | 4 | |
| Spirit Walker | 3 | |
| Wind Rider | 2 | |
27 total
» upgrades
| Ensnare | 1 | |
| Berserker Strength | 1 | |
| Spirit Walker Training | 1 | |
| Ranged Weapons | 1 | |
| Armor | 1 | |
5 total
» buildings
| Altar of Storms | 1 | |
| Orc Burrow | 6 | |
| Barracks | 1 | |
| Voodoo Lounge | 1 | |
| Stronghold | 4 | |
| Beastiary | 1 | |
| War Mill | 2 | |
| Spirit Lodge | 2 | |
| Fortress | 1 | |
19 total
» build order
00:06 Altar of Storms
00:19 Orc Burrow
00:38 Barracks
01:27 Orc Burrow
01:59 Voodoo Lounge
03:16 Orc Burrow
03:27 Stronghold
03:27 Stronghold
03:27 Stronghold
05:14 Orc Burrow
05:57 Beastiary
06:48 War Mill
06:52 Spirit Lodge
07:37 Spirit Lodge
09:39 Orc Burrow
11:49 Fortress
11:51 War Mill
12:37 Orc Burrow
» items
| Healing Salve | 2 | |
| Lesser Clarity Potion | 1 | |
| Scroll of Speed | 1 | |
4 total
team 2 (loser)

»
SX-Mr.TIngTing (
green | 63 APM | 942 actions | 14:51)
1 Demon Hunter
1 Mana Burn
1 Keeper of the Grove
1 Entangling Roots
» actions
| Assign group hotkey | 16 | |
| Basic commands | 46 | |
| Build / train | 43 | |
| Enter build submenu | 27 | |
| Enter hero's abilities submenu | 3 | |
| Remove unit from queue | 2 | |
| Right click | 343 | |
| Select / deselect | 239 | |
| Select group hotkey | 175 | |
| Use ability | 48 | |
942 total
» units
| Wisp | 18 | |
| Archer | 8 | |
| Hippogryph | 1 | |
| Chimaera | 1 | |
| Peon | 2 | |
30 total
» upgrades
» buildings
| Altar of Elders | 2 | |
| Moon Well | 4 | |
| Ancient of War | 1 | |
| Tree of Ages | 1 | |
| Ancient of Wonders | 3 | |
| Hunter's Hall | 1 | |
| Ancient of Wind | 4 | |
| Tree of Eternity | 1 | |
| Chimaera Roost | 3 | |
| Ancient Protector | 4 | |
24 total
» build order
00:13 Altar of Elders
00:17 Moon Well
00:33 Ancient of War
01:44 Moon Well
02:32 Tree of Ages
02:42 Ancient of Wonders
03:50 Hunter's Hall
05:34 Ancient of Wind
05:45 Tree of Eternity
06:51 Ancient of Wind
07:32 Ancient of Wonders
07:41 Moon Well
08:39 Chimaera Roost
08:42 Chimaera Roost
09:51 Moon Well
10:52 Altar of Elders
12:11 Ancient Protector
12:53 Ancient of Wind
13:00 Ancient of Wind
13:20 Ancient Protector
13:24 Ancient Protector
13:37 Ancient Protector
13:42 Ancient of Wonders
14:19 Chimaera Roost
» items
| Dust of Appearance | 2 | |
| Lesser Clarity Potion | 2 | |
| Scroll of Town Portal | 2 | |
6 total

»
SoulSeeker_004 (
pink | 51 APM | 631 actions | 12:23)
2 Tauren Chieftain
1 War Stomp
1 Endurance Aura
1 Shadow Hunter
1 Healing Wave
» actions
| Assign group hotkey | 21 | |
| Build / train | 26 | |
| Enter build submenu | 16 | |
| Enter hero's abilities submenu | 3 | |
| Right click | 235 | |
| Select / deselect | 165 | |
| Select group hotkey | 121 | |
| Use ability | 44 | |
631 total
» units
| Peon | 8 | |
| Grunt | 5 | |
| Troll Witch Doctor | 2 | |
15 total
» upgrades
| Melee Weapons | 1 | |
| Witch Doctor Training | 1 | |
| Spiked Barricades | 1 | |
3 total
» buildings
| Altar of Storms | 3 | |
| Orc Burrow | 4 | |
| Barracks | 1 | |
| Voodoo Lounge | 1 | |
| War Mill | 1 | |
| Stronghold | 1 | |
| Watch Tower | 2 | |
| Spirit Lodge | 1 | |
| Beastiary | 1 | |
15 total
» build order
00:10 Altar of Storms
00:21 Orc Burrow
00:38 Barracks
01:26 Orc Burrow
02:03 Voodoo Lounge
02:40 War Mill
03:12 Stronghold
04:18 Watch Tower
05:40 Orc Burrow
05:58 Spirit Lodge
09:56 Altar of Storms
10:00 Orc Burrow
10:04 Beastiary
10:32 Watch Tower
10:52 Altar of Storms
» items
| Healing Salve | 1 | |
| Scroll of Town Portal | 1 | |
2 total
Chat log
(00:13 / Allies) scream.aim.FlRE: bm
(00:23 / Allies) THELAGHOTEL: k dual bm?
(00:29 / Allies) scream.aim.FlRE: lets end this qucik
(00:30 / Allies) scream.aim.FlRE: quick
(00:37 / Allies) THELAGHOTEL: u good?
(00:43 / Allies) scream.aim.FlRE: stats me
(00:46 / Allies) scream.aim.FlRE: aha
(00:47 / Allies) scream.aim.FlRE: joking
(00:48 / Allies) scream.aim.FlRE: yes im fine
(00:53 / Allies) THELAGHOTEL: lol
(01:08 / Allies) THELAGHOTEL: i haven't lost a ladder game in two days
(01:10 / Allies) THELAGHOTEL: lets win
(01:15 / Allies) scream.aim.FlRE: RGR that
(01:22 / Allies) scream.aim.FlRE: may a reserve a room in ur hotel?
(01:26 / Allies) THELAGHOTEL: lol
(01:28 / Allies) scream.aim.FlRE: xD
(01:34 / Allies) THELAGHOTEL: im running this game on max gfx w/ 256 sd ram
(01:38 / Allies) scream.aim.FlRE: LOL
(01:40 / Allies) scream.aim.FlRE: boo
(02:15 / All) scream.aim.FlRE: SCREAM AIM AND FIRE
(02:17 / All) scream.aim.FlRE: PEW PEW
(02:39 / Allies) THELAGHOTEL: jubei and tojara
(02:41 / Allies) THELAGHOTEL: elite blademasters
(02:43 / Allies) scream.aim.FlRE: hahah
(03:30 / Allies) THELAGHOTEL: b
(03:43 / Allies) THELAGHOTEL: save ur strength
(03:46 / Allies) THELAGHOTEL: wait for hero to res
(03:52 / Allies) scream.aim.FlRE: no mana pot neway
(03:57 / Allies) THELAGHOTEL: use this
(03:59 / Allies) scream.aim.FlRE: time to creep a little
(04:00 / Allies) scream.aim.FlRE: ty
(05:21 / Allies) scream.aim.FlRE: dang
(05:24 / Allies) scream.aim.FlRE: nynha
(05:27 / Allies) scream.aim.FlRE: nynja
(05:31 / Allies) THELAGHOTEL: truth
(05:42 / Allies) scream.aim.FlRE: go on blue NOW
(05:47 / Allies) scream.aim.FlRE: kill the lores
(05:53 / Allies) THELAGHOTEL: k
(05:57 / Allies) THELAGHOTEL: got speed scroll
(05:58 / Allies) THELAGHOTEL: for escape
(06:08 / Allies) scream.aim.FlRE: hoho fast tech
(07:11 / Allies) THELAGHOTEL: chekc
(07:12 / Allies) THELAGHOTEL: top expo
(07:14 / Allies) scream.aim.FlRE: out
(07:46 / Allies) scream.aim.FlRE: atk pink nw
(07:48 / Allies) scream.aim.FlRE: hes after me
(09:43 / Allies) scream.aim.FlRE: green is gettin chim
(09:47 / Allies) scream.aim.FlRE: haha
(09:49 / Allies) scream.aim.FlRE: bats fest
(10:19 / Allies) THELAGHOTEL: down
(10:21 / Allies) THELAGHOTEL: bm down
(10:22 / Allies) THELAGHOTEL: sh down
(10:23 / Allies) THELAGHOTEL: lol
(10:26 / Allies) scream.aim.FlRE: lol
(10:30 / Allies) THELAGHOTEL: they have 1 hero up
(11:18 / All) SX-Mr.TIngTing: gg only cause dual orc
(11:21 / All) scream.aim.FlRE: HAHAHA
(11:23 / All) scream.aim.FlRE: GET GOOD
(11:29 / All) THELAGHOTEL: u both suck
(11:30 / All) THELAGHOTEL: Rofl
(11:34 / All) SX-Mr.TIngTing: lol k
(11:36 / All) SX-Mr.TIngTing: 1 v 1 me
(11:39 / All) THELAGHOTEL: y
(11:41 / All) THELAGHOTEL: i alrdy beat u
(11:44 / All) SX-Mr.TIngTing: im not the one who has to pick a race
(11:47 / All) scream.aim.FlRE: 1-0 blu
(11:48 / All) THELAGHOTEL: i pick random
(11:49 / All) THELAGHOTEL: noob
(11:58 / All) SX-Mr.TIngTing: not teal
(13:08 / All) scream.aim.FlRE: FEAR TOJARA AND JUBEI
(13:12 / All) THELAGHOTEL: TWO NINJAS
(14:23 / All) scream.aim.FlRE: lol at chim
(14:25 / All) scream.aim.FlRE: against 2 orc